 Dungeon Crawl Stone Soup version 0.30-a0-263-ge22c4ad894 (webtiles) character file.

Game seed: 11623431011363213420

67 wilfster70 the Stinger (level 4, -2/36 HPs)
             Began as a Naga Venom Mage on Oct 13, 2022.
             Frozen to death by an endoplasm (5 damage)
             ... on level 3 of the Dungeon.
             The game lasted 00:09:32 (1871 turns).

wilfster70 the Stinger (Naga Venom Mage)            Turns: 1871, Time: 00:09:33

Health: -2/36      AC:  2    Str: 11    XL:     4   Next: 16%
Magic:  6/7        EV:  9    Int: 17    God:
Gold:   151        SH:  0    Dex: 11    Spells: 1/7 levels left

rFire   . . .      SeeInvis +    a - +1 lajatang
rCold   . . .      Faith    .    (shield currently unavailable)
rNeg    . . .      Spirit   .    f - +0 robe
rPois   +          Reflect  .    (no helmet)
rElec   .          Harm     .    (no cloak)
rCorr   .          Rampage  .    (no gloves)
Will    .....                    (no barding)
Stlth   ++........               c - amulet of the acrobat
HPRegen 0.26/turn                (no ring)
MPRegen 0.10/turn                (no ring)

@: very slow
A: AC +1, large, see invisible, deformed body, poison resistance, slowness 2,
spit poison 1, naga tail 1
a: Spit Poison


You were on level 3 of the Dungeon.
You visited 1 branch of the dungeon, and saw 3 of its levels.

You collected 151 gold pieces.

Inventory:

Hand Weapons
 a - a +1 lajatang (weapon)
Armour
 f - a +0 robe (worn)
Jewellery
 c - an amulet of the acrobat (around neck)
 g - a +6 ring of strength
Wands
 d - a wand of mindburst (8)
Scrolls
 e - a scroll of magic mapping
 h - 2 scrolls of blinking
Potions
 b - a potion of magic
 i - a potion of brilliance


   Skills:
 - Level 1.5 Dodging
 - Level 3.0 Stealth
 - Level 2.0 Spellcasting
 + Level 1.0 Conjurations
 - Level 1.0 Transmutations
 + Level 1.0 Air Magic
 - Level 6.0 Poison Magic


You had one spell level left.
You knew the following spells:

 Your Spells              Type           Power      Damage    Failure   Level
a - Sting                 Tmut/Pois      52%        1d5       4%          1
b - Poisonous Vapours     Pois/Air       26%        N/A       7%          2
c - Mephitic Cloud        Conj/Pois/Air  10%        N/A       19%         3

Your spell library contained the following spells:

 Spells                   Type           Power      Damage    Failure   Level
 Olgreb's Toxic Radiance  Pois           22%        N/A       16%         4
 Stone Arrow              Conj/Erth      6%         3d7       43%         3
 Animate Armour           Summ/Erth      2%         N/A       88%         4
 Lehudib's Crystal Spear  Conj/Erth      1%         10d2      100%        8


Dungeon Overview and Level Annotations

Branches:
Dungeon (3/15)

Altars:
Zin


Innate Abilities, Weirdness & Mutations

Your serpentine skin is tough. (AC +1)
You have supernaturally acute eyesight. (SInv)
Armour fits poorly on your strangely shaped body.
Your system is resistant to poisons. (rPois)
You cover ground very slowly.
You can spit poison.
You have a snake-like lower body.


Message History

You barely miss the adder.
The adder is almost dead.
You kill the adder!
The bat hits you but does no damage. The endoplasm freezes you.
You are frozen.
The bat hits you but does no damage.
Your Conjurations skill increases to level 1!
Your Air Magic skill increases to level 1!
You completely miss the bat. The bat barely misses you.
The bat hits you but does no damage. The endoplasm freezes you.
You are frozen.
* * * LOW HITPOINT WARNING * * *
You hit the endoplasm but do no damage. The bat hits you but does no damage. x2
The endoplasm freezes you.
You are frozen.
* * * LOW HITPOINT WARNING * * *
The endoplasm freezes you.
You are frozen.
* * * LOW HITPOINT WARNING * * *
You hit the endoplasm.
The endoplasm is lightly wounded.
The bat closely misses you. The endoplasm freezes you.
You are frozen.
* * * LOW HITPOINT WARNING * * *
Okay, then.
You completely miss the endoplasm.
The endoplasm is lightly wounded.
The bat barely misses you. The endoplasm hits you.
* * * LOW HITPOINT WARNING * * *
The endoplasm hits you.
* * * LOW HITPOINT WARNING * * *
The bat hits you but does no damage.
You hit the endoplasm.
The endoplasm is almost dead.
The bat hits you but does no damage. The endoplasm freezes you.
You are frozen.
You die...

######## ..(....#
......# ......#
##.... ######.†b#
.......@.#
......J.##
....)...#
........##
.........# #
#######..#######..#
#...........#
###..<......#
#.........#


You could see an endoplasm and a bat.

Vanquished Creatures
  An adder (D:3)
  2 dart slugs
  3 ball pythons (D:2)
  9 endoplasms
  7 goblins
  5 hobgoblins
  A quokka (D:1)
  6 bats
  2 frilled lizards (D:2)
  6 kobolds
  5 rats
47 creatures vanquished.

Notes
Turn   | Place    | Note
-------+----------+-------------------------------------------
     0 | D:1      | wilfster70 the Naga Venom Mage began the quest for the Orb.
     0 | D:1      | Reached XP level 1. HP: 15/15 MP: 3/3
   262 | D:1      | Reached XP level 2. HP: 22/22 MP: 3/5
   379 | D:1      | Reached skill level 5 in Poison Magic
   539 | D:1      | Reached XP level 3. HP: 25/28 MP: 1/6
   542 | D:1      | Learned a level 2 spell: Poisonous Vapours
  1070 | D:2      | Found a glowing silver altar of Zin.
  1077 | D:2      | Learned a level 1 spell: Sting
  1091 | D:2      | Reached skill level 6 in Poison Magic
  1095 | D:2      | Learned a level 3 spell: Mephitic Cloud
  1859 | D:3      | Reached XP level 4. HP: 33/36 MP: 7/7
  1867 | D:3      | Reached skill level 1 in Conjurations
  1867 | D:3      | Reached skill level 1 in Air Magic
  1871 | D:3      | Frozen to death by an endoplasm

Illustrated notes

Levels and vault maps discovered:
D:1:      dpeg_arrival_tiny_d, layout_rooms, minmay_heptomino_h4
D:2:      layout_loops_corners, basic_altar, serial_park_tiny_1, corner_web_ring
D:3:      layout_rooms, marbit_many_paths,
          dreamdust_ecumenical_altar_sealed_demon, nicolae_elevator_lobby_plus,
          uniq_terence, uniq_sigmund, uniq_crazy_yiuf_cottage

Skill      XL: |  1  2  3  4 |
---------------+-------------+-----
Poison Magic   | 5 6 |  6.0
Conjurations   | 1 |  1.0
Air Magic      | 1 |  1.0
Dodging        | |  1.5
Stealth        | |  3.0
Spellcasting   | |  2.0
Transmutations | |  1.0

Action                   |  1- 3 |  4- 6 || total
-------------------------+-------+-------++-------
Melee: Unarmed           |    11 |       ||    11
       Dagger            |    18 |       ||    18
       Lajatang          |     9 |    10 ||    19
 Cast: Sting             |    62 |     2 ||    64
       Poisonous Vapours |     2 |       ||     2
 Abil: Spit Poison       |    11 |     1 ||    12
  Use: Scroll            |     9 |       ||     9
 Stab: Sleeping          |     3 |       ||     3
Armor: Robe              |    18 |    13 ||    31
Dodge: Dodged            |    38 |     6 ||    44

Table legend: (Time is in decaauts)
 A = Elapsed time spent in this place.
 B = Non-inter-level travel time spent in this place.
 C = Inter-level travel time spent in this place.
 D = Time resting spent in this place.
 E = Time spent auto-exploring this place.
 F = Levels seen in this place.
 G = Mean time per level.
                   A        B        C        D        E       F      G
               +--------+--------+--------+--------+--------+-----+--------+
         Total |   2371 |   2288 |     83 |    400 |    632 |   3 |  790.3 |
       Dungeon |   2371 |   2288 |     83 |    400 |    632 |   3 |  790.3 |
               +--------+--------+--------+--------+--------+-----+--------+

Top non-repeatable levels by time:
     D:2: 1383 daAuts
     D:1: 955 daAuts
     D:3: 32 daAuts
